 Dungeon Crawl Stone Soup version 0.31-a0-175-g9f7f995f2b (webtiles) character file.

Game seed: 9663698454895639644

7602 Zonian the Grappler (level 11, -13/60 HPs)
             Began as a Vine Stalker Gladiator on June 16, 2023.
             Was a Believer of Nemelex Xobeh.
             Mangled by an angel
             ... wielding a +1 sacred scourge of holy wrath
              (14 damage)
             ... on level 1 of the Abyss on June 17, 2023.
             The game lasted 00:19:30 (8623 turns).

Zonian the Grappler (Vine Stalker Gladiator)        Turns: 8623, Time: 00:19:33

Health: -13/60     AC: 11    Str: 27    XL:     11   Next: 17%
Magic:  0/15       EV: 12    Int:  8    God:    Nemelex Xobeh [**....]
Gold:   199        SH:  5    Dex: 16    Spells: 10/10 levels left

rFire   . .          .
                       - Unarmed
rCold   . . .        (no shield)
rNeg    . . .        G - +1 swamp dragon scales
rPois   +            b - +0 helmet
rElec   .            (no cloak)
rCorr   .            k - +0 pair of gloves
SInv    .            t - +0 pair of boots
Will    +....        C - amulet of reflection
Stlth   ++           u - +4 ring of slaying
HPRegen 1.10/turn    E - +6 ring of strength
MPRegen 0.14/turn

%: reflection, guardian spirit
@: slowed, glowing, very slow
A: fangs 3, regeneration 1, magic shield, antimagic bite, no potion heal 2
a: Renounce Religion, Draw Escape, Draw Destruction, Draw Summoning


You were on level 1 of the Abyss.
You worshipped Nemelex Xobeh.
Nemelex Xobeh was pleased with you.
You visited 1 branch of the dungeon, and saw 9 of its levels.
You visited the Abyss 1 time.

You collected 569 gold pieces.
You spent 370 gold pieces at shops.

Inventory:

Hand Weapons
 n - a +0 dagger of electrocution
 A - a +3 long sword
 N - a +1 scimitar of flaming
Missiles
 d - a javelin
 D - 3 boomerangs
 I - a curare-tipped dart
 K - 3 atropa-tipped darts
Armour
 a - a +0 leather armour
 b - a +0 helmet (worn)
 g - a +0 ring mail
 k - a +0 pair of gloves (worn)
 t - a +0 pair of boots (worn)
 w - a +1 ring mail of poison resistance
 G - +1 swamp dragon scales (worn)
Jewellery
 s - a ring of ice
 u - a +4 ring of slaying (left hand)
 B - a ring of poison resistance
 C - an amulet of reflection (around neck)
 E - a +6 ring of strength (right hand)
Wands
 z - a wand of flame (29)
 H - a wand of quicksilver (17)
 L - a wand of mindburst (11)
 M - a wand of roots (3)
Scrolls
 f - 2 scrolls of fog
 o - a scroll of teleportation
 x - 2 scrolls of fear
 y - 4 scrolls of poison
 F - a scroll of amnesia
Potions
 c - 2 potions of enlightenment
 e - a potion of invisibility
 h - a potion of mutation
 i - a potion of brilliance
 j - a potion of ambrosia
 l - a potion of lignification {unknown}
 m - 3 potions of magic
 p - a potion of resistance {unknown}
 q - 2 potions of heal wounds
 r - 3 potions of attraction
 v - 6 potions of curing
 J - 2 potions of haste


   Skills:
 + Level 7.9 Fighting
 + Level 7.9 Throwing
 - Level 3.8 Dodging
 - Level 8.5 Stealth
 + Level 9.1 Unarmed Combat
 - Level 4.0 Invocations


You had 10 spell levels left.
You didn't know any spells.
Your spell library contained the following spells:

 Spells                   Type           Power      Damage    Failure   Level
 Magic Dart               Conj           0%         1d3       54%         1
 Necrotise                Necr           0%         1d4       54%         1
 Slow                     Hex            0%         N/A       54%         1
 Blink                    Tloc           0%         N/A       69%         2
 Lesser Beckoning         Tloc           0%         N/A       69%         2
 Momentum Strike          Conj/Tloc      0%         3d8       69%         2
 Searing Ray              Conj           0%         2d4       69%         2
 Confusing Touch          Hex            0%         N/A       89%         3
 Hailstorm                Conj/Ice       0%         3d3       89%         3
 Vampiric Draining        Necr           0%         2d6       89%         3
 Fulminant Prism          Conj/Hex       0%         3d5       100%        4
 Ice Form                 Ice/Tmut       0%         N/A       100%        4
 Agony                    Necr           0%         N/A       100%        5
 Simulacrum               Ice/Necr       0%         N/A       100%        6


Dungeon Overview and Level Annotations

Branches:
Dungeon (9/15)             Temple (0/1) D:7            Lair (0/5) D:9
    Orc: D:9-12

Altars:
Cheibriados
Gozag
Hepliaklqana
Kikubaaqudgha
Nemelex Xobeh
Qazlal
Vehumet
Xom

Shops:
D:2 (   D:5 ?   D:6 =

Annotations:
D:8 exclusions: oklob plant and oklob sapling
D:9 Erolcha


Innate Abilities, Weirdness & Mutations

You have razor-sharp teeth.
Your natural rate of healing is unusually fast.
When hurt, damage is shared between your health and your magic reserves.
Your bite disrupts and absorbs the magic of your enemies.
Potions cannot restore your health.


Message History

Unknown command.
You closely miss the angel.
The angel is heavily wounded.
The thrashing horror tramples you.
You stumble backwards!
The angel hits you with a +1 sacred scourge of holy wrath!
The angel misses you.
Unknown command.
You draw a card...
You have drawn the Orb.
Press: ? - help, Shift-Dir - straight line, f/p - thrashing horror
Aim: a thrashing horror (lightly damaged, haloed)
The wavering orb of destruction weakly hits the thrashing horror!
The thrashing horror is moderately damaged.
The wavering orb of destruction weakly hits the angel!
The angel is heavily wounded.
The thrashing horror tramples you.
You hold your ground!
The thrashing horror tramples you.
You hold your ground!
The angel hits you with a +1 sacred scourge of holy wrath!
* * * LOW HITPOINT WARNING * * *
The angel hits you but does no damage. The wraith hits you.
* * * LOW HITPOINT WARNING * * *
The wraith drains your vigour!
You feel yourself slow down.
The thrashing horror closely misses you. x2
Your orb of destruction hits a crystal wall.
Okay, then.
You draw a card...
You have drawn the Pentagram.
Your orb of destruction hits a crystal wall.
You block the thrashing horror's attack. x2
Your orb of destruction hits a stone wall.
The angel hits you with a +1 sacred scourge of holy wrath.
* * * LOW HITPOINT WARNING * * *
The angel hits you with a +1 sacred scourge of holy wrath.
* * * LOW HITPOINT WARNING * * *
The thrashing horror tramples you but does no damage.
The thrashing horror tramples you.
* * * LOW HITPOINT WARNING * * *
You hold your ground!
The angel hits you with a +1 sacred scourge of holy wrath!
You die...
Your body disappears without additional glow.

..#.≈~~≈~
..#≈~~~ ♣
...~~≈≈~~ ##
##.#~~≈~ ...
..... #...
##.☼#
.....#.X☼#
..*○○☼J○.#
......A@.#
......W○°○#
.....#3.R#.#
#...###...#.#
.... ........
... ...###...
.. ...# ##
.....


You could see an angel (corroded, ally target), a soul eater (summoned), a
thrashing horror, a wraith, a jelly and a friendly rakshasa (summoned).

Vanquished Creatures
  A two-headed ogre (D:9)
  Erica (D:9)
  Pikel (D:5)
  Joseph (D:7)
  Maggie (D:7)
  A shadow (D:7)
  3 wyverns
  3 steam dragons
  2 water moccasins
  3 orc warriors
  2 black bears
  An ice beast (D:8)
  2 ogres (D:7)
  3 centaurs
  2 phantoms
  2 lemures (D:5)
  Blork the orc (D:5)
  4 kobold brigands
  A gnoll sergeant (D:9)
  5 bullfrogs
  4 scorpions
  17 wights
  5 howler monkeys
  5 hounds
  3 jellies
  5 orc priests
  Ijyb (D:5)
  3 sleepcaps
  2 iguanas (D:5)
  6 orc wizards
  12 adders
  8 gnolls
  A shadow imp (D:5)
  A white imp (Abyss:1)
  2 ufetubi
  A worm (D:4)
  24 orcs
  11 ball pythons
  2 bats (D:2)
  6 endoplasms
  7 giant cockroaches
  9 goblins
  7 hobgoblins
  14 jackals
  26 kobolds
  4 quokkas
  A frilled lizard (D:3)
  5 rats
232 creatures vanquished.

Notes
Turn   | Place    | Note
-------+----------+-------------------------------------------
     0 | D:1      | Zonian the Vine Stalker Gladiator began the quest for the
                  | Orb.
     0 | D:1      | Reached XP level 1. HP: 11/11 MP: 2/2
   145 | D:1      | Reached XP level 2. HP: 15/15 MP: 3/3
   412 | D:1      | Reached XP level 3. HP: 18/18 MP: 4/4
   995 | D:2      | Found a faded altar of an unknown god.
  1102 | D:2      | Found Veunnigo's Weapon Shoppe.
  1319 | D:2      | Gained mutation: Your natural rate of healing is unusually
                  | fast. [Vine Stalker growth]
  1319 | D:2      | Reached XP level 4. HP: 21/23 MP: 5/5
  1993 | D:3      | Found an ancient bone altar of Kikubaaqudgha.
  2213 | D:3      | Found a stormy altar of Qazlal.
  2691 | D:4      | Reached XP level 5. HP: 22/27 MP: 4/6
  2782 | D:4      | Reached skill level 4 in Unarmed Combat
  2897 | D:4      | Reached XP level 6. HP: 31/32 MP: 7/7
  2915 | D:4      | Noticed a black bear
  2922 | D:4      | Killed a black bear
  3100 | D:4      | Reached XP level 7. HP: 26/37 MP: 8/8
  3347 | D:4      | Reached skill level 1 in Stealth
  3347 | D:4      | Reached skill level 5 in Unarmed Combat
  3379 | D:4      | Found a shimmering altar of Xom.
  3583 | D:4      | Found a sparkling altar of Nemelex Xobeh.
  3633 | D:5      | Entered Level 5 of the Dungeon
  3638 | D:5      | Found an opulent altar of Gozag.
  3797 | D:5      | Found a radiant altar of Vehumet.
  3834 | D:5      | Found Xuryops's Magic Scroll Shoppe.
  3847 | D:5      | Bought a scroll of poison for 40 gold pieces
  3909 | D:5      | Noticed Blork the orc
  3923 | D:5      | Killed Blork the orc
  4010 | D:5      | Gained mutation: You have razor-sharp teeth. [Vine Stalker
                  | growth]
  4010 | D:5      | Reached XP level 8. HP: 30/42 MP: 5/9
  4073 | D:5      | Noticed Ijyb
  4118 | D:5      | Killed Ijyb
  4345 | D:4      | Became a worshipper of Nemelex Xobeh the Trickster
  4424 | D:6      | HP: 1/37 [wight/+3 long sword (11)]
  4744 | D:6      | Noticed Pikel
  4785 | D:5      | Killed Pikel
  4786 | D:5      | Reached skill level 5 in Fighting
  4786 | D:5      | Reached skill level 5 in Throwing
  4786 | D:5      | Reached skill level 6 in Unarmed Combat
  4937 | D:5      | Reached skill level 5 in Stealth
  4940 | D:6      | Reached XP level 9. HP: 42/47 MP: 8/10
  5403 | D:6      | Found a faded altar of an unknown god.
  5513 | D:6      | Found Saeluehi's Jewellery Boutique.
  5525 | D:6      | Bought an amulet of reflection for 330 gold pieces
  5603 | D:6      | Reached skill level 7 in Unarmed Combat
  5890 | D:7      | Found a staircase to the Ecumenical Temple.
  6056 | D:7      | Noticed Maggie
  6067 | D:7      | Killed Maggie
  6068 | D:7      | Reached skill level 1 in Invocations
  6088 | D:7      | Reached * piety under Nemelex Xobeh
  6101 | D:7      | Reached XP level 10. HP: 53/53 MP: 12/12
  6204 | D:7      | Noticed Joseph
  6217 | D:7      | Killed Joseph
  6505 | D:7      | Received a gift from Nemelex Xobeh
  7001 | D:8      | Reached skill level 8 in Unarmed Combat
  7056 | D:8      | Found a snail-covered altar of Cheibriados.
  7602 | D:8      | Noticed an oklob plant
  7842 | D:9      | Noticed Erolcha
  7895 | D:9      | Reached ** piety under Nemelex Xobeh
  8089 | D:9      | Noticed a two-headed ogre
  8094 | D:9      | Killed a two-headed ogre
  8095 | D:9      | Reached XP level 11. HP: 58/58 MP: 15/15
  8125 | D:9      | Found a staircase to the Lair.
  8139 | D:9      | Noticed Erica
  8148 | D:9      | Killed Erica
  8149 | D:9      | Reached skill level 9 in Unarmed Combat
  8353 | D:9      | Found a hazy altar of Hepliaklqana.
  8495 | Abyss:1  | Cast into level 1 of the Abyss (Erolcha)
  8532 | Abyss:1  | Received a gift from Nemelex Xobeh
  8563 | Abyss:1  | Noticed a thrashing horror
  8614 | Abyss:1  | Noticed an angel
  8614 | Abyss:1  | Noticed a thrashing horror
  8623 | Abyss:1  | Noticed a soul eater
  8623 | Abyss:1  | HP: 3/60 [angel/+1 sacred scourge of holy wrath (2)]
  8623 | Abyss:1  | HP: 1/60 [thrashing horror (2)]
  8623 | Abyss:1  | Mangled by an angel

Illustrated notes

Levels and vault maps discovered:
D:1:      kilobyte_arrival_exit_the_forest, layout_basic
D:2:      layout_loops_corners, chequers_ecumenical_altar_simple_redux,
          serial_shops, nicolae_shop_gibbet_a_chance, kennysheep_big_empty_room,
          minmay_pentomino_s2
D:3:      layout_loops_ring, mainiacjoe_overflow_surrounded_room,
          mainiacjoe_overflow_six_doors_small
D:4:      cheibrodos_barr_body, layout_basic, kennysheep_mini,
          nemelex_dance_club_becter
D:5:      layout_cave_pools, kennysheep_mini_moat, grunt_gozag_breadcrumbs,
          serial_shops, shop, minmay_misc_feat_more_columns, uniq_ijyb,
          uniq_blork_the_orc
D:6:      layout_cave_pools, serial_shops, nicolae_shop_getting_attention,
          serial_column_ruins, column_ruins_square_small,
          column_ruins_temple_hall, column_ruins_columns_straight,
          column_ruins_open_small, column_ruins_open_large,
          column_ruins_columns_corner, column_ruins_open_tiny,
          column_ruins_columns_straight, uniq_pikel
D:7:      layout_loops_corners, minmay_temple_entry_mist, enter_bailey_4,
          chequers_serial_rivers_small_b, uniq_maggie, uniq_joseph
D:8:      layout_loops_ring, mainiacjoe_overflow_tiny_flanked,
          introduction_to_nature_2
D:9:      cheibrodos_steamvent, layout_long_grid,
          nicolae_hepliaklqana_hazy_memory, serial_rivers,
          chequers_serial_rivers_micro_b, chequers_serial_rivers_room_a,
          chequers_serial_rivers_micro_e, chequers_serial_rivers_micro_a,
          chequers_serial_rivers_micro_a, grunt_ministairs_5, uniq_erica,
          uniq_erolcha
Abyss:1:  base:
Bailey

Skill      XL: |  1  2  3  4  5  6  7  8  9 10 11 |
---------------+----------------------------------+-----
Fighting       | 2 3 4 5 6 7 |  7.9
Throwing       | 2 3 4 5 6 7 |  7.9
Dodging        | 3 |  3.8
Unarmed Combat | 4 5 6 7 8 9 |  9.1
Stealth        | 2 5 7 8 |  8.5
Invocations    | 1 4 |  4.0

Action                     |  1- 3 |  4- 6 |  7- 9 | 10-12 || total
---------------------------+-------+-------+-------+-------++-------
  Melee: Unarmed           |   102 |   117 |   264 |   212 ||   695
         Bite              |    21 |    42 |    75 |    67 ||   205
         Punch             |     2 |     4 |    15 |    14 ||    35
  Throw: Throwing net      |       |     2 |     3 |       ||     5
         Dart              |       |       |       |     1 ||     1
         Javelin           |       |       |       |     1 ||     1
 Invoke: Draw Destruction  |       |       |       |     4 ||     4
         Draw Summoning    |       |       |       |     1 ||     1
  Evoke: Wand              |       |       |     1 |     1 ||     2
    Use: Scroll            |       |       |    11 |     5 ||    16
         Potion            |       |       |       |     1 ||     1
   Stab: Held in net/web   |       |     1 |       |       ||     1
         Sleeping          |       |       |     3 |     8 ||    11
 Armour: Leather armour    |    41 |    28 |    48 |       ||   117
         Ring mail         |       |       |    32 |       ||    32
         Swamp dragon scal |       |       |     1 |    76 ||    77
  Dodge: Dodged            |    74 |    45 |   150 |   125 ||   394
  Block: Other             |       |       |     8 |    44 ||    52
         Reflection        |       |       |       |     1 ||     1

Table legend: (Time is in decaauts)
 A = Elapsed time spent in this place.
 B = Non-inter-level travel time spent in this place.
 C = Inter-level travel time spent in this place.
 D = Time resting spent in this place.
 E = Time spent auto-exploring this place.
 F = Levels seen in this place.
 G = Mean time per level.
                   A        B        C        D        E       F      G
               +--------+--------+--------+--------+--------+-----+--------+
         Total |   8557 |   8247 |    310 |   1218 |   4986 |  10 |  855.7 |
       Dungeon |   8430 |   8120 |    310 |   1218 |   4899 |   9 |  936.7 |
         Abyss |    127 |    127 |      0 |      0 |     86 |   1 |  127.0 |
               +--------+--------+--------+--------+--------+-----+--------+

Top non-repeatable levels by time:
     D:5: 1380 daAuts
     D:4: 1118 daAuts
     D:8: 1064 daAuts
     D:7: 975 daAuts
     D:1: 887 daAuts
     D:2: 870 daAuts
     D:3: 858 daAuts
     D:9: 643 daAuts
     D:6: 631 daAuts
 Abyss:1: 127 daAuts
